 Dungeon Crawl Stone Soup version 0.30-a0-779-g7971cf19c3 (webtiles) character file.

Game seed: 7909789041635268210

759 Leeroy the Carver (level 7, -2/34 HPs)
             Began as a Vine Stalker Gladiator on Feb 17, 2023.
             Was a Believer of Okawaru.
             Slain by a killer bee (6 damage)
             ... on level 7 of the Dungeon.
             The game lasted 00:04:06 (3070 turns).

Leeroy the Carver (Vine Stalker Gladiator)          Turns: 3070, Time: 00:04:06

Health: -2/34      AC:  5    Str: 22    XL:     7   Next: 80%
Magic:  0/8        EV: 12    Int:  8    God:    Okawaru [**....]
Gold:   181        SH:  0    Dex: 18    Spells: 6/6 levels left

rFire   . . .      SeeInvis .    a - +0 long sword
rCold   . . .      Faith    .    (no shield)
rNeg    . . .      Spirit   +    b - +0 leather armour
rPois   .          Reflect  .    B - +1 helmet
rElec   .          Harm     .    (no cloak)
rCorr   .          Rampage  .    (no gloves)
Will    .....                    (no boots)
Stlth   +                        (no amulet)
HPRegen 1.05/turn                j - +6 ring of strength
MPRegen 0.11/turn                f - ring of wizardry

@: lethally poisoned (-2 -> -6)
A: fangs 2, regeneration 1, magic shield, antimagic bite, no potion heal 2
a: Renounce Religion, Heroism


You were on level 7 of the Dungeon.
You worshipped Okawaru.
Okawaru was pleased with you.
You visited 1 branch of the dungeon, and saw 6 of its levels.

You collected 181 gold pieces.

Inventory:

Hand Weapons
 a - a +0 long sword (weapon)
 A - a +1 dagger of pain
 C - a +1 whip of venom
 F - a +1 vampiric scythe
 G - a +1 short sword of protection
Missiles
 d - 3 throwing nets (quivered)
Armour
 b - a +0 leather armour (worn)
 c - a +0 helmet
 h - a +0 chain mail
 B - a +1 helmet (worn)
Magical Staves
 g - a staff of cold
Jewellery
 f - a ring of wizardry (right hand)
 j - a +6 ring of strength (left hand)
 w - a ring of fire
 x - a +6 ring of intelligence
Wands
 e - a wand of flame (13)
 y - a wand of roots (3)
 D - a wand of digging (3)
Scrolls
 m - a scroll of magic mapping {unknown}
 n - 2 scrolls of vulnerability {unknown}
 o - a scroll of fog {unknown}
 q - 6 scrolls of identify {unknown}
 s - 2 scrolls of enchant weapon {unknown}
 v - 3 scrolls of teleportation {unknown}
 E - a scroll of fear {unknown}
 H - a scroll of blinking {unknown}
Potions
 i - a potion of curing {unknown}
 k - a potion of resistance {unknown}
 l - a potion of berserk rage {unknown}
 p - 3 potions of heal wounds {unknown}
 r - 3 potions of cancellation {unknown}
 t - a potion of degeneration {unknown}
 u - a potion of mutation {unknown}
 z - 2 potions of brilliance {unknown}


   Skills:
 - Level 1.7 Fighting
 + Level 8.2 Long Blades
 - Level 1.7 Throwing
 - Level 2.4 Dodging


You had 6 spell levels left.
You didn't know any spells.
Your spell library contained the following spells:

 Spells                   Type           Power      Damage    Failure   Level
 Dazzling Flash           Conj/Hex       0%         N/A       50%         3
 Portal Projectile        Hex/Tloc       0%         N/A       50%         3
 Leda's Liquefaction      Hex/Erth       0%         N/A       86%         4
 Agony                    Necr           0%         N/A       99%         5
 Alistair's Intoxication  Tmut/Pois      0%         N/A       99%         5
 Borgnjor's Vile Clutch   Necr/Erth      0%         N/A       99%         5
 Silence                  Hex/Air        0%         N/A       99%         5
 Eringya's Noxious Bog    Tmut/Pois      0%         N/A       100%        6
 Call Canine Familiar     Summ           Unusable   N/A       N/A         3

Dungeon Overview and Level Annotations

Branches:
Dungeon (7/15)
 Temple: D:4-7

Altars:
Ashenzari
Okawaru
Xom

Annotations:
D:3 1 runed translucent door, Crazy Yiuf, Terence


Innate Abilities, Weirdness & Mutations

You have extremely sharp teeth.
Your natural rate of healing is unusually fast.
When hurt, damage is shared between your health and your magic reserves.
Your bite disrupts and absorbs the magic of your enemies.
Potions cannot restore your health.


Message History

H - a scroll labelled JUIPIN CIFA 2 killer bees come into view.
The killer bee buzzes angrily. x2
A killer bee comes into view.
The killer bee moves out of view.
A killer bee comes into view.
There are monsters nearby!
The killer bee buzzes angrily.
Found 13 gold pieces and a scroll labelled JUIPIN CIFA.
The killer bee barely misses you.
The killer bee buzzes angrily.
You hit the killer bee.
The killer bee is moderately wounded.
The killer bee barely misses you. x2; The killer bee closely misses you. x2
The killer bee misses you.
You slash the killer bee! You bite the killer bee.
You kill the killer bee!
Okawaru accepts your kill.
The killer bee closely misses you. x2; The killer bee stings you. x2
The killer bee stings you!
You are poisoned.
The killer bee poisons you!
You closely miss the killer bee. Your bite misses the killer bee.
You feel sick. The killer bee stings you.
You are more poisoned.
The killer bee poisons you!
The killer bee stings you but does no damage.
The killer bee stings you! The killer bee stings you.
The killer bee barely misses you. The killer bee stings you.
* * * LOW HITPOINT WARNING * * *
You are too injured to fight recklessly!
You are too injured to fight recklessly!
You are too injured to fight recklessly!
You are too injured to fight recklessly!
You barely miss the killer bee.
* * * LOW HITPOINT WARNING * * *
You feel very sick. The killer bee misses you.
The killer bee barely misses you. The killer bee stings you!
You die...

#########. #.........
### ##......... #.#
##....#####
######.#####.....#
#...<.....#......#
#...))...........#
#....†...........#####..
#...............@y......
......#........yy.......
.....###..##..#..#....##
...... ...##..#.........
##...##..###..#....$...#
......... .......$...##
#..... .. ..........
.?...#.....


You could see 3 killer bees.

Vanquished Creatures
  Sigmund (D:4)
  A phantom (D:4)
  2 scorpions (D:4)
  A bullfrog (D:7)
  A necrophage (D:4)
  A killer bee (D:7)
  An orc priest (D:7)
  Ijyb (D:3)
  An orc wizard (D:4)
  Robin (D:3)
  3 adders
  A gnoll (D:4)
  A white imp (D:7)
  An ufetubus (D:4)
  2 worms (D:3)
  2 dart slugs
  6 orcs
  10 ball pythons
  7 endoplasms
  5 giant cockroaches
  11 goblins
  12 hobgoblins
  6 jackals
  2 quokkas
  6 bats
  4 frilled lizards
  5 kobolds
  5 rats
100 creatures vanquished.

Notes
Turn   | Place    | Note
-------+----------+-------------------------------------------
     0 | D:1      | Leeroy the Vine Stalker Gladiator began the quest for the
                  | Orb.
     0 | D:1      | Reached XP level 1. HP: 11/11 MP: 2/2
   130 | D:1      | Reached skill level 3 in Long Blades
   229 | D:1      | Reached XP level 2. HP: 15/15 MP: 3/3
   521 | D:1      | Reached XP level 3. HP: 18/18 MP: 4/4
   836 | D:2      | Reached skill level 4 in Long Blades
   998 | D:2      | Found a broken altar of Ashenzari.
  1061 | D:2      | Gained mutation: Your natural rate of healing is unusually
                  | fast. [Vine Stalker growth]
  1061 | D:2      | Reached XP level 4. HP: 15/23 MP: 5/5
  1129 | D:3      | Found a faded altar of an unknown god.
  1245 | D:3      | Found a broken altar of Ashenzari.
  1520 | D:3      | Noticed Ijyb
  1526 | D:3      | Killed Ijyb
  1635 | D:3      | Noticed Terence
  1742 | D:3      | Found a runed translucent door.
  1743 | D:3      | Noticed Crazy Yiuf
  1778 | D:3      | Found an iron altar of Okawaru.
  1782 | D:3      | Reached skill level 5 in Long Blades
  1788 | D:3      | Became a worshipper of Warmaster Okawaru
  1968 | D:3      | Reached XP level 5. HP: 26/26 MP: 6/6
  2017 | D:3      | Noticed Robin
  2033 | D:3      | Killed Robin
  2667 | D:4      | Noticed a phantom
  2670 | D:4      | Reached skill level 6 in Long Blades
  2670 | D:4      | Reached XP level 6. HP: 30/30 MP: 5/7
  2690 | D:4      | Reached * piety under Okawaru
  2702 | D:4      | Reached skill level 7 in Long Blades
  2702 | D:4      | Reached XP level 7. HP: 29/34 MP: 5/8
  2755 | D:4      | Noticed Sigmund
  2765 | D:4      | Killed Sigmund
  3000 | D:4      | You fall into a shaft and drop 2 floors!
  3002 | D:6      | Found a shimmering altar of Xom.
  3023 | D:7      | Reached ** piety under Okawaru
  3024 | D:7      | Reached skill level 8 in Long Blades
  3070 | D:7      | Slain by a killer bee

Illustrated notes

Levels and vault maps discovered:
D:1:      dpeg_arrival_court, layout_loops_ring
D:2:      layout_basic, basic_altar
D:3:      layout_loops_corners, nicolae_ashenzari_panopticon,
          kennysheep_okawaru_gauntlet, ebering_ecumenical_altar_webs,
          kennysheep_generic_room_6, uniq_crazy_yiuf_cottage, uniq_terence,
          uniq_robin, uniq_ijyb
D:4:      layout_basic, minmay_starry_boxes, uniq_sigmund
D:6:      layout_basic, nicolae_overflow_hidden_temple, minmay_misc_feat_alley,
          uniq_menkaure, uniq_edmund
D:7:      layout_cave_pools, amcnicky_altar_gilded,
          minmay_temple_entry_statues_pillars, serial_column_ruins,
          column_ruins_hut, column_ruins_open_medium, column_ruins_grid_3,
          column_ruins_grid_4

Skill      XL: |  1  2  3  4  5  6  7 |
---------------+----------------------+-----
Long Blades    | 3 4 5 6 7 8 |  8.2
Fighting       | |  1.7
Throwing       | |  1.7
Dodging        | |  2.4

Action                     |  1- 3 |  4- 6 |  7- 9 || total
---------------------------+-------+-------+-------++-------
  Melee: Long sword        |    96 |   104 |    41 ||   241
         Bite              |    22 |    33 |    10 ||    65
         Punch             |       |     1 |     1 ||     2
  Throw: Javelin           |       |     3 |       ||     3
   Stab: Sleeping          |     2 |     3 |       ||     5
 Armour: Leather armour    |    33 |    37 |     7 ||    77
  Dodge: Dodged            |    78 |    64 |    36 ||   178

Table legend: (Time is in decaauts)
 A = Elapsed time spent in this place.
 B = Non-inter-level travel time spent in this place.
 C = Inter-level travel time spent in this place.
 D = Time resting spent in this place.
 E = Time spent auto-exploring this place.
 F = Levels seen in this place.
 G = Mean time per level.
                   A        B        C        D        E       F      G
               +--------+--------+--------+--------+--------+-----+--------+
         Total |   3105 |   3026 |     79 |     44 |   2249 |   6 |  517.5 |
       Dungeon |   3105 |   3026 |     79 |     44 |   2249 |   6 |  517.5 |
               +--------+--------+--------+--------+--------+-----+--------+

Top non-repeatable levels by time:
     D:3: 1230 daAuts
     D:1: 748 daAuts
     D:4: 613 daAuts
     D:2: 442 daAuts
     D:7: 53 daAuts
     D:6: 15 daAuts
